 Dungeon Crawl Stone Soup version 0.31-a0-180-g519b7de00c (webtiles) character file.

Game seed: 18091457136274106288

148 mopl the Trooper (level 5, 0/42 HPs)
             Began as a Demonspawn Fighter on June 19, 2023.
             Slain by an orc wizard
             ... wielding a +0 dagger
              (3 damage)
             ... on level 3 of the Dungeon.
             The game lasted 00:01:51 (1385 turns).

mopl the Trooper (Demonspawn Fighter)               Turns: 1385, Time: 00:01:52

Health: 0/42       AC:  8    Str: 18    XL:     5   Next: 8%
Magic:  0/5        EV: 12    Int: 10    God:
Gold:   106        SH:  4    Dex: 12    Spells: 4/4 levels left

rFire   . . .        a - +0 war axe
rCold   . . .        c - +0 buckler
rNeg    . . .        b - +0 scale mail
rPois   .            (no helmet)
rElec   .            (no cloak)
rCorr   +            f - +0 pair of gloves
SInv    .            (no boots)
Will    .....        (no amulet) Stlth
                     i - ring of resist corrosion
HPRegen 0.27/turn    (no ring)
MPRegen 0.18/turn

%: guardian spirit
@: no status effects
A: repulsion field 2, magic shield, magic regeneration
a: no special abilities


You were on level 3 of the Dungeon.
You visited 1 branch of the dungeon, and saw 3 of its levels.

You collected 106 gold pieces.

Inventory:

Hand Weapons
 a - a +0 war axe (weapon)
Missiles
 g - 4 poisoned darts
Armour
 b - a +0 scale mail (worn)
 c - a +0 buckler (worn)
 f - a +0 pair of gloves (worn)
Jewellery
 i - a ring of resist corrosion (left hand)
Scrolls
 j - 2 scrolls of blinking {unknown}
 n - a scroll of identify {unknown}
Potions
 d - 2 potions of might
 e - a potion of mutation {unknown}
 h - 2 potions of brilliance {unknown}
 k - a potion of attraction {unknown}
 l - a potion of heal wounds {unknown}
 m - 3 potions of curing {unknown}


   Skills:
 + Level 3.7 Fighting
 * Level 3.3 Axes
 + Level 3.3 Armour
 + Level 1.5 Dodging
 - Level 2.6 Shields


You had 4 spell levels left.
You didn't know any spells.
Your spell library contained the following spells:

 Spells                   Type           Power      Damage    Failure   Level
 Ensorcelled Hibernation  Hex/Ice        0%         N/A       92%         2
 Spider Form              Tmut/Pois      0%         N/A       99%         3
 Volatile Blastmotes      Fire/Tloc      0%         2d10      99%         3
 Anguish                  Hex/Necr       0%         N/A       100%        4
 Fulminant Prism          Conj/Hex       0%         3d5       100%        4
 Iskenderun's Mystic Bla  Conj/Tloc      0%         2d3       100%        4
 Lee's Rapid Deconstruct  Erth           0%         3d4*      100%        5


Dungeon Overview and Level Annotations

Branches:
Dungeon (3/15)

Altars:


Innate Abilities, Weirdness & Mutations

You are surrounded by a moderate repulsion field. (EV +3)
When hurt, damage is shared between your health and your magic reserves.
You regenerate magic rapidly.


Message History

The slug dart misses you. The orc wizard closely misses you.
You hit the orc wizard.
The orc wizard is heavily wounded.
You hit the dart slug. The orc wizard closely misses you.
The dart slug bites you.
* * * LOW HITPOINT WARNING * * *
Unknown command.
You hit the orc wizard but do no damage.
The orc wizard is heavily wounded.
You hit the dart slug. The orc wizard barely misses you.
You block the dart slug's attack.
You hit the orc wizard but do no damage.
The orc wizard is heavily wounded.
You slash the dart slug!
You kill the dart slug!
The orc wizard misses you. The orc wizard closely misses you.
You closely miss the orc wizard.
The orc wizard is heavily wounded.
The orc wizard misses you.
You hit the orc wizard.
The orc wizard is severely wounded.
The orc wizard hits you but does no damage.
You block the orc wizard's attack.
You closely miss the orc wizard.
The orc wizard is severely wounded.
The orc wizard hits you but does no damage.
You hit the orc wizard.
The orc wizard is almost dead.
The orc wizard gestures at you while chanting.
The magic dart hits you!
* * * LOW HITPOINT WARNING * * *
You completely miss the orc wizard.
The orc wizard is almost dead.
The orc wizard hits you but does no damage.
The orc wizard hits you with a +0 dagger.
* * * LOW HITPOINT WARNING * * *
You closely miss the orc wizard.
The orc wizard is almost dead.
The orc wizard hits you with a +0 dagger.
You die...

#... ..#
....#.#
...#.#
..#.# ...#
# ..# ###.
#o#
.....#@##
.........#
.#######.#
##.# ##.#.#
#####.###.#
#....## #..
#.###.# ##.
#.# #.# ..


You could see an orc wizard.

Vanquished Creatures
  An orc priest (D:3)
  5 adders
  4 dart slugs
  8 orcs (D:3)
  6 bats
  4 endoplasms
  A giant cockroach (D:3)
  A goblin (D:2)
  4 hobgoblins
  9 kobolds
  4 quokkas
  4 ball pythons
  3 frilled lizards (D:2)
  3 rats (D:1)
57 creatures vanquished.

Notes
Turn   | Place    | Note
-------+----------+-------------------------------------------
     0 | D:1      | mopl the Demonspawn Fighter began the quest for the Orb.
     0 | D:1      | Reached XP level 1. HP: 18/18 MP: 1/1
    82 | D:1      | Reached skill level 2 in Axes
   139 | D:1      | Gained mutation: You are surrounded by a mild repulsion
                  | field. (EV +2) [demonic ancestry]
   139 | D:1      | Reached XP level 2. HP: 24/24 MP: 2/2
   611 | D:2      | Gained mutation: You regenerate magic rapidly. [demonic
                  | ancestry]
   611 | D:2      | Reached XP level 3. HP: 29/29 MP: 3/3
   639 | D:2      | Reached skill level 3 in Armour
   769 | D:2      | Reached skill level 1 in Dodging
  1032 | D:2      | Gained mutation: You are surrounded by a moderate repulsion
                  | field. (EV +3) [demonic ancestry]
  1032 | D:2      | Reached XP level 4. HP: 32/35 MP: 4/4
  1231 | D:3      | Reached skill level 3 in Axes
  1376 | D:3      | Gained mutation: When hurt, damage is shared between your
                  | health and your magic reserves. [demonic ancestry]
  1376 | D:3      | Reached XP level 5. HP: 8/42 MP: 5/5
  1384 | D:3      | HP: 2/42 [orc wizard/+0 dagger (2)]
  1385 | D:3      | Slain by an orc wizard

Illustrated notes

Levels and vault maps discovered:
D:1:      dpeg_arrival_ternary, layout_basic
D:2:      layout_basic, chequers_serial_rivers_marsh
D:3:      layout_loops_ring, hellmonk_ecumenical_altar_leap_of_faith,
          serial_glass, glass_columns_a, glass_columns_b, glass_columns_a,
          glass_columns_b, glass_columns_b, glass_columns_a, corexii_shack,
          chequers_hall_statues_y

Skill      XL: |  1  2  3  4 |
---------------+-------------+-----
Axes           | 2 3 |  3.3
Armour         | 3 |  3.3
Dodging        | 1 |  1.5
Fighting       | |  3.7
Shields        | |  2.6

Action                     |  1- 3 |  4- 6 || total
---------------------------+-------+-------++-------
  Melee: War axe           |   107 |    67 ||   174
 Armour: Scale mail        |    45 |    25 ||    70
  Dodge: Dodged            |    64 |    55 ||   119
  Block: Buckler           |    30 |    20 ||    50

Table legend: (Time is in decaauts)
 A = Elapsed time spent in this place.
 B = Non-inter-level travel time spent in this place.
 C = Inter-level travel time spent in this place.
 D = Time resting spent in this place.
 E = Time spent auto-exploring this place.
 F = Levels seen in this place.
 G = Mean time per level.
                   A        B        C        D        E       F      G
               +--------+--------+--------+--------+--------+-----+--------+
         Total |   1453 |   1415 |     38 |      0 |   1034 |   3 |  484.3 |
       Dungeon |   1453 |   1415 |     38 |      0 |   1034 |   3 |  484.3 |
               +--------+--------+--------+--------+--------+-----+--------+

Top non-repeatable levels by time:
     D:2: 684 daAuts
     D:1: 591 daAuts
     D:3: 178 daAuts
